 Dungeon Crawl Stone Soup version 0.26-a0-478-g6c97825307 (webtiles) character file.

Game seed: 9532337352173252371

1164 KristoblXynda the Chopper (level 8, 0/57 HPs)
             Began as a Demonspawn Gladiator on Aug 1, 2020.
             Slain by an ancient zyme (1 damage)
             ... on level 1 of the Abyss.
             The game lasted 00:07:59 (4858 turns).

KristoblXynda the Chopper (Demonspawn Gladiator)    Turns: 4858, Time: 00:08:00

Health: 0/57       AC: 14    Str: 17    XL:     8   Next: 17%
Magic:  0/8        EV:  8    Int: 10    God:
Gold:   197        SH:  0    Dex: 10    Spells: 7/7 levels left

rFire    . . .     SeeInvis .   v - +3 hand axe
rCold    . . .     Faith    .   (no shield)
rNeg     . . .     Spirit   +   m - +0 chain mail
rPois    .         Reflect  .   c - +0 helmet
rElec    .         Harm     .   (no cloak)
rCorr    .                      (no gloves)
MR       .....                  (no boots)
Stlth    ..........             g - amulet of the acrobat
HPRegen  0.00/turn              f - ring of wizardry
MPRegen  0.22/turn              i - +4 ring of protection (curse)

@: non-regenerating, diseased
A: claws 2, [blurry vision 2], [clumsy 2], magic shield, magic regeneration
a: no special abilities


You were on level 1 of the Abyss.
You visited 1 branch of the dungeon, and saw 5 of its levels.
You visited the Abyss 1 time.

You collected 197 gold pieces.

Inventory:

Hand Weapons
 a - a +0 war axe
 v - a +3 hand axe (weapon)
Missiles
 d - 3 throwing nets (quivered)
Armour
 c - a +0 helmet (worn)
 m - a +0 chain mail (worn)
Jewellery
 f - a ring of wizardry (left claw)
 g - an amulet of the acrobat (around neck)
 i - a cursed +4 ring of protection (right claw)
 n - a cursed -4 ring of evasion {unknown}
Wands
 l - a wand of clouds (5)
 u - a wand of iceblast (11)
Scrolls
 b - 5 scrolls of remove curse
 j - 2 scrolls of amnesia
 s - 2 scrolls of identify
Potions
 e - 6 potions of brilliance
 k - a potion of lignification
 o - a potion of resistance {unknown}
 p - a potion of stabbing {unknown}
 r - a potion of curing
 t - a potion of cancellation


   Skills:
 - Level 2.3 Fighting
 + Level 6.7 Axes
 - Level 1.7 Throwing
 + Level 4.0 Armour
 + Level 5.1 Dodging
 + Level 1.3 Evocations


You had 7 spell levels left.
You didn't know any spells.
Your spell library contained the following spells:

 Spells                   Type           Power        Failure   Level
 Animate Skeleton         Necr           #.....       88%         1
 Apportation              Tloc           #.....       88%         1
 Corona                   Hex            #......      88%         1
 Summon Small Mammal      Summ           #...         88%         1


Dungeon Overview and Level Annotations

Branches:
Dungeon (5/15)
 Temple: D:4-7

Altars:
Makhleb
Trog
Wu Jian

Annotations:
D:5 Sigmund


Innate Abilities, Weirdness & Mutations

You have very sharp fingernails.
When hurt, damage is shared between your health and your magic reserves.
You regenerate magic rapidly.
[Scrolls take you longer to read.]
[You are very clumsy. (Dex -4)]


Message History

Press: ? - help, Shift-Dir - straight line, f - ancient zyme, p - small abomination
Aim: an ancient zyme (moderately damaged)
The bolt of acid hits the small abomination.
The small abomination is splashed with acid.
You destroy the small abomination!
Your Armour skill increases to level 4!
Your Dodging skill increases to level 5!
Your Evocations skill increases to level 1!
You have reached level 8!
You feel clever.
The bolt of acid misses the ancient zyme.
The now-empty wand crumbles to dust.
The wretched star pulses with an eldritch light!
Your vision blurs. x2; You feel clumsy. x2
You feel ill.
Unknown command.
You hit the ancient zyme.
The ancient zyme is heavily damaged.
The ancient zyme hits you.
You die...

.... #..# .. ##.
.# ..##..##.
#...............
................
X.. ##..##..##.
#.#...........#
# #.##..*..#..#
#. ##x#.##... #
#@## # # #...##.
## ## #...... ..
.# # ..#.#..## .
.#.##.....##. #
......... # #
#.. .... .
#....... . # #.
. .#


You could see a wretched star and an ancient zyme.

Vanquished Creatures
  A small abomination (Abyss:1)
  A phantom (D:5)
  4 wights (D:4)
  6 orc priests
  5 hounds (D:4)
  A centaur skeleton (D:4)
  4 orc wizards
  4 worker ants
  A mummy (D:4)
  6 adders
  An ooze (D:2)
  4 dart slugs
  6 leopard geckos
  11 orcs
  10 bats
  5 giant cockroaches
  5 goblins
  8 hobgoblins
  9 kobolds
  3 quokkas
  7 frilled lizards
  A leopard gecko skeleton (D:4)
  5 rats
108 creatures vanquished.

Notes
Turn   | Place    | Note
-------+----------+-------------------------------------------
     0 | D:1      | KristoblXynda the Demonspawn Gladiator began the quest for
                  | the Orb.
     0 | D:1      | Reached XP level 1. HP: 16/16 MP: 1/1
   256 | D:1      | Reached skill level 3 in Axes
   256 | D:1      | Gained mutation: When hurt, damage is shared between your
                  | health and your magic reserves. [demonic ancestry]
   256 | D:1      | Reached XP level 2. HP: 22/22 MP: 2/2
   828 | D:1      | Gained mutation: You regenerate magic rapidly. [demonic
                  | ancestry]
   828 | D:1      | Reached XP level 3. HP: 28/28 MP: 3/3
  1420 | D:2      | You fall into a shaft and drop 2 floors!
  1448 | D:4      | Reached XP level 4. HP: 18/34 MP: 1/4
  1469 | D:4      | Reached skill level 1 in Armour
  1549 | D:4      | Reached skill level 4 in Axes
  1560 | D:4      | HP: 1/34 [acid (10)]
  1564 | D:4      | Reached XP level 5. HP: 23/39 MP: 0/5
  1870 | D:4      | Gained mutation: You have sharp fingernails. [demonic
                  | ancestry]
  1870 | D:4      | Reached XP level 6. HP: 14/45 MP: 2/6
  1928 | D:4      | Reached skill level 5 in Axes
  2770 | D:4      | Gained mutation: You have very sharp fingernails. [demonic
                  | ancestry]
  2770 | D:4      | Reached XP level 7. HP: 43/51 MP: 7/7
  3942 | D:3      | Found a burning altar of Makhleb.
  3942 | D:3      | Noticed a cacodemon
  4030 | D:3      | Reached skill level 6 in Axes
  4119 | D:2      | Found a bloodstained altar of Trog.
  4466 | D:5      | Entered Level 5 of the Dungeon
  4779 | D:5      | Noticed Sigmund
  4785 | D:5      | Found an ornate altar of the Wu Jian Council.
  4797 | D:5      | Cast into level 1 of the Abyss (Sigmund)
  4828 | Abyss:1  | Noticed a small abomination
  4836 | Abyss:1  | Noticed an ancient zyme
  4851 | Abyss:1  | Noticed a large abomination
  4852 | Abyss:1  | Noticed a wretched star
  4856 | Abyss:1  | HP: 1/51 [small abomination (11)]
  4857 | Abyss:1  | Killed a small abomination
  4857 | Abyss:1  | Reached skill level 5 in Dodging
  4857 | Abyss:1  | Reached skill level 1 in Evocations
  4857 | Abyss:1  | Reached XP level 8. HP: 1/57 MP: 1/8
  4858 | Abyss:1  | Slain by an ancient zyme

Illustrated notes

Levels and vault maps discovered:
D:1:      sevenhm_arrival_forest_fort_large_2, layout_loops_ring, minmay_3d_cube
D:2:      layout_rooms, lemuel_crystal_altar, minmay_stone_trees_small
D:3:      layout_loops_ring, makhleb_altar_promises_db, serial_bayou_ford_a,
          minmay_fountain_box, nrook_uturn, serial_bayou_pond_d,
          grunt_decor_resistance
D:4:      layout_loops_cross, serial_glass, glass_columns_b, glass_columns_a,
          gup_ossuary_entry_pyramid
D:5:      layout_basic, old_standard_altar, lemuel_doored_altar, temple_doors_e,
          minmay_bent, uniq_edmund, uniq_sigmund
Abyss:1:  base:
D:1

Skill      XL: |  1  2  3  4  5  6  7 |
---------------+----------------------+-----
Axes           | 3 4 5 6 |  6.7
Dodging        | 3 4 5 |  5.1
Armour         | 1 2 4 |  4.0
Evocations     | 1 |  1.3
Fighting       | |  2.3
Throwing       | |  1.7

Action                   |  1- 3 |  4- 6 |  7- 9 || total
-------------------------+-------+-------+-------++-------
Melee: War axe           |    73 |   145 |   182 ||   400
       Hand axe          |       |       |    21 ||    21
Evoke: Wand              |       |     2 |     4 ||     6
  Use: Scroll            |     5 |     1 |       ||     6
       Potion            |       |     2 |     4 ||     6
 Stab: Sleeping          |     1 |       |       ||     1
Armor: Leather armour    |    17 |       |       ||    17
       Ring mail         |     3 |    15 |       ||    18
       Chain mail        |       |    62 |   124 ||   186
       Skin              |       |       |    21 ||    21
Dodge: Dodged            |    56 |    93 |   128 ||   277

Table legend: (Time is in decaauts)
 A = Elapsed time spent in this place.
 B = Non-inter-level travel time spent in this place.
 C = Inter-level travel time spent in this place.
 D = Time resting spent in this place.
 E = Time spent auto-exploring this place.
 F = Levels seen in this place.
 G = Mean time per level.
                   A        B        C        D        E       F      G
               +--------+--------+--------+--------+--------+-----+--------+
         Total |   4967 |   4744 |    223 |    688 |   2783 |   6 |  827.8 |
       Dungeon |   4906 |   4683 |    223 |    685 |   2783 |   5 |  981.2 |
         Abyss |     60 |     60 |      0 |      3 |      0 |   1 |   60.0 |
               +--------+--------+--------+--------+--------+-----+--------+

Top non-repeatable levels by time:
     D:4: 1793 daAuts
     D:1: 1345 daAuts
     D:3: 929 daAuts
     D:2: 500 daAuts
     D:5: 338 daAuts
 Abyss:1: 60 daAuts
